 Dungeon Crawl Stone Soup version 0.31.0-11-ge490571c62 (webtiles) character file.

Game seed: 8012300942890229886

169 Gadfly the Trooper (level 5, -16/41 HPs)
             Began as a Demonspawn Monk on Jan 29, 2024.
             Demolished by Edmund
             ... wielding a +2 heavy dire flail
              (19 damage)
             ... on level 4 of the Dungeon.
             The game lasted 00:03:33 (2853 turns).

Gadfly the Trooper (Demonspawn Monk)                Turns: 2853, Time: 00:03:34

Health: -16/41     AC: 11    Str: 14    XL:     5   Next: 25%
Magic:  5/5        EV: 13    Int: 10    God:
Gold:   241        SH:  0    Dex: 15    Spells: 4/4 levels left

rFire   . . .        j - +1 long sword (protect)
rCold   . . .        c - orb {light}
rNeg    + . .        a - +0 robe
rPois   .            (no helmet)
rElec   .            f - +0 cloak
rCorr   .            (no gloves)
SInv    .            n - +0 pair of boots
Will    .....        (no amulet)
Stlth   +            l - ring of positive energy
HPRegen 0.26/turn    (no ring)
MPRegen 0.09/turn

%: no passive effects
@: under a protective aura, glowing
A: ignite blood 1, weakness stinger 2
a: no special abilities


You were on level 4 of the Dungeon.
You visited 1 branch of the dungeon, and saw 4 of its levels.

You collected 241 gold pieces.

Inventory:

Hand Weapons
 j - a +1 long sword of protection (weapon)
Armour
 a - a +0 robe (worn)
 c - an orb of light (worn)
 f - a +0 cloak (worn)
 n - a +0 pair of boots (worn)
Jewellery
 l - a ring of positive energy (left hand)
Scrolls
 o - a scroll of vulnerability {unknown}
Potions
 b - a potion of ambrosia
 d - a potion of curing
 e - a potion of lignification
 g - 2 potions of might
 h - a potion of haste
 i - a potion of mutation {unknown}
 k - a potion of resistance {unknown}
 m - a potion of enlightenment {unknown}


   Skills:
 + Level 3.4 Fighting
 + Level 3.1 Dodging
 * Level 3.4 Unarmed Combat
 * Level 2.4 Evocations
 * Level 2.0 Shapeshifting


You had 4 spell levels left.
You didn't know any spells.
Your spell library contained the following spells:

 Spells                   Type           Power      Damage    Failure   Level
 Frozen Ramparts          Ice            0%         1d1       75%         3
 Leda's Liquefaction      Alch/Erth      0%         N/A       98%         4
 Petrify                  Alch/Erth      0%         N/A       98%         4
 Metabolic Englaciation   Hex/Ice        0%         N/A       100%        5


Dungeon Overview and Level Annotations

Branches:
Dungeon (4/15)
 Temple: D:4-7

Altars:

Annotations:
D:4 Edmund


Innate Abilities, Weirdness & Mutations

Your demonic aura sometimes causes spilled blood to erupt in flames.
You have a tail ending in a sharp stinger.


Message History

Edmund is nearby!
Edmund closely misses you.
You slash Edmund!
Your weapon exudes an aura of protection.
Edmund is lightly wounded.
You hit Edmund. You tail-slap Edmund.
Edmund is moderately wounded.
Edmund hits you with a +2 heavy dire flail.
You hit Edmund. You tail-slap Edmund, but do no damage.
Edmund is heavily wounded.
Edmund misses you.
You barely miss Edmund.
Edmund is heavily wounded.
Edmund hits you with a +2 heavy dire flail!
You are too injured to fight recklessly!
You are too injured to fight recklessly!
You are too injured to fight recklessly!
You are too injured to fight recklessly!
You are too injured to fight recklessly!
You are too injured to fight recklessly!
You are too injured to fight recklessly!
You are too injured to fight recklessly!
You are too injured to fight recklessly!
You are too injured to fight recklessly!
You are too injured to fight recklessly!
You are too injured to fight recklessly!
You are too injured to fight recklessly!
You are too injured to fight recklessly!
You are too injured to fight recklessly!
Unknown command.
You hit Edmund but do no damage.
Edmund is heavily wounded.
Edmund hits you with a +2 heavy dire flail!
* * * LOW HITPOINT WARNING * * *
You slash Edmund!
Edmund is severely wounded.
Edmund is engulfed in blazing flames.
Edmund hits you with a +2 heavy dire flail!!
You die...
Edmund says, "That'll show my brother!"

...## ##......##
....###........##
.#
..#..#..........#
...
..##.........>..#
#...
.####...........#
#..# .#
##...........#
#..# ##
#............##..#
#
#...........°#@.#
#
##...........°@.#
#..............##
#.............##
#.............#
#.............#
##...........## #
##.........##
####..........#
..............#


You could see Edmund.

Vanquished Creatures
  A bombardier beetle (D:4)
  An iguana (D:3)
  4 adders
  7 orcs
  4 endoplasms
  2 giant cockroaches
  5 goblins
  4 hobgoblins
  4 quokkas
  8 ball pythons
  5 bats
  2 frilled lizards (D:1)
  7 kobolds
  7 rats
61 creatures vanquished.

Notes
Turn   | Place    | Note
-------+----------+-------------------------------------------
     0 | D:1      | Gadfly the Demonspawn Monk began the quest for the Orb.
     0 | D:1      | Reached XP level 1. HP: 18/18 MP: 1/1
   288 | D:1      | Gained mutation: Your demonic aura sometimes causes spilled
                  | blood to erupt in flames. [demonic ancestry]
   288 | D:1      | Reached XP level 2. HP: 23/24 MP: 2/2
   471 | D:1      | Found a faded altar of an unknown god.
   471 | D:1      | Noticed a smoke demon
   933 | D:2      | Reached skill level 1 in Evocations
  1011 | D:2      | Reached skill level 1 in Shapeshifting
  1112 | D:2      | Reached XP level 3. HP: 26/29 MP: 3/3
  1814 | D:3      | Gained mutation: You have a small tail. [demonic ancestry]
  1814 | D:3      | Reached XP level 4. HP: 14/35 MP: 4/4
  2638 | D:4      | Gained mutation: You have a tail ending in a sharp stinger.
                  | [demonic ancestry]
  2638 | D:4      | Reached XP level 5. HP: 41/41 MP: 5/5
  2844 | D:4      | Noticed Edmund
  2853 | D:4      | Demolished by Edmund

Illustrated notes

Levels and vault maps discovered:
D:1:      lemuel_arrival_lava_pool, layout_basic,
          dreamdust_ecumenical_altar_sealed_demon, dk_noncrumbling_2,
          hangedman_glass_garden, chequers_serial_rivers_marsh
D:2:      layout_loops_cross, hangedman_decor_growths
D:3:      layout_basic, hex_medium, minmay_fractal_squares_diagonal_5
D:4:      layout_cave_pods, gammafunk_ghost_smash, uniq_edmund

Skill      XL: |  1  2  3  4 |
---------------+-------------+-----
Evocations     | 1 2 |  2.4
Shapeshifting  | 1 2 |  2.0
Unarmed Combat | 3 |  3.4
Dodging        | 3 |  3.1
Fighting       | |  3.4

Action                     |  1- 3 |  4- 6 || total
---------------------------+-------+-------++-------
  Melee: Unarmed           |    45 |       ||    45
         Long sword        |    62 |    47 ||   109
         Tailslap          |       |     7 ||     7
    Use: Scroll            |     9 |       ||     9
         Potion            |       |     1 ||     1
 Armour: Robe              |    79 |    27 ||   106
  Dodge: Dodged            |    84 |    37 ||   121
